 Dungeon Crawl Stone Soup version 0.31.0-32-g396128a36d (webtiles) character file.

Game seed: 10477089189092823790

89 PaiMei the Gusty (level 4, -3/24 HPs)
             Began as a Tengu Air Elementalist on Mar 18, 2024.
             Slain by a gnoll
             ... wielding a +0 flail
              (10 damage)
             ... on level 3 of the Dungeon.
             The game lasted 00:02:31 (2993 turns).

PaiMei the Gusty (Tengu Air Elementalist)           Turns: 2993, Time: 00:02:32

Health: -3/24      AC:  4    Str:  8    XL:     4   Next: 55%
Magic:  5/8        EV: 13    Int: 17    God:
Gold:   81         SH:  0    Dex: 15    Spells: 7/8 levels left

rFire   + . .        f - +0 short sword (drain)
rCold   . . .        (no shield)
rNeg    . . .        k - +2 robe {rF+}
rPois   .            (helmet restricted)
rElec   .            (no cloak)
rCorr   .            (no gloves)
SInv    .            (boots unavailable)
Will    .....        (no amulet)
Stlth   ++           (no ring)
HPRegen 0.24/turn    (no ring)
MPRegen 0.11/turn

%: acrobat
@: no status effects
A: beak, talons 3, acrobatic
a: no special abilities


You were on level 3 of the Dungeon.
You visited 1 branch of the dungeon, and saw 3 of its levels.

You collected 81 gold pieces.

Inventory:

Hand Weapons
 e - a +0 falchion
 f - a +0 short sword of draining (weapon)
Armour
 a - a +0 robe
 k - a +2 robe of fire resistance (worn)
Scrolls
 h - 4 scrolls of teleportation {unknown}
 j - 2 scrolls of fear {unknown}
 n - a scroll of torment {unknown}
 o - a scroll of revelation {unknown}
 p - a scroll of immolation {unknown}
Potions
 b - a potion of magic
 c - a potion of heal wounds {unknown}
 d - a potion of enlightenment {unknown}
 g - 3 potions of curing {unknown}
 i - a potion of attraction {unknown}
 l - a potion of berserk rage {unknown}
 m - a potion of might {unknown}


   Skills:
 + Level 3.0 Dodging
 + Level 2.8 Stealth
 + Level 2.5 Spellcasting
 + Level 2.8 Conjurations
 + Level 4.6 Air Magic


You had 7 spell levels left.
You knew the following spells:

 Your Spells              Type           Power      Damage    Failure   Level
a - Shock                 Conj/Air       56%        1d6       4%          1

Your spell library contained the following spells:

 Spells                   Type           Power      Damage    Failure   Level
 Static Discharge         Conj/Air       28%        3-5/arc   6%          2
 Swiftness                Air            18%        N/A       9%          3
 Airstrike                Air            9%         2d(2-18)  26%         4
 Fugue of the Fallen      Necr           2%         N/A       50%         3
 Ozocubu's Armour         Ice            2%         N/A       50%         3
 Manifold Assault         Tloc           2%         N/A       88%         4


Dungeon Overview and Level Annotations

Branches:
Dungeon (3/15)

Altars:

Shops:
D:2 !


Innate Abilities, Weirdness & Mutations

You have a beak for a mouth.
You have claws for feet.
You can magically evade attacks while moving or waiting.


Message History

Confirm with . or Enter, or press ? or * to list all spells.
You don't have enough magic to cast this spell.
There is a stone staircase leading up here.
You climb upwards.
Your magical contamination has completely faded away.
There is a stone staircase leading down here.
You start resting.
Magic restored.
You start waiting.
Done waiting.
There is a stone staircase leading down here.
You climb downwards.
The gnoll hits you with a +0 flail! The gnoll barely misses you.
There is a stone staircase leading up here.
Casting: Shock (safe; 4% risk of failure)
Confirm with . or Enter, or press ? or * to list all spells.
Aiming: Shock (safe; 4% risk of failure)
Press: ? - help, Shift-Dir - straight line, f - gnoll
Aim: a gnoll, wielding a +0 flail (75% to hit)
The zap hits the gnoll.
The gnoll is moderately wounded.
The gnoll hits you with a +0 flail!
* * * LOW HITPOINT WARNING * * *
Casting: Shock (safe; 4% risk of failure)
Confirm with . or Enter, or press ? or * to list all spells.
Aiming: Shock (safe; 4% risk of failure)
Press: ? - help, Shift-Dir - straight line, f/p - gnoll
Aim: a gnoll, wielding a +0 flail (moderately wounded, 75% to hit)
The zap hits the gnoll.
The gnoll is heavily wounded.
The gnoll misses you.
Casting: Shock (safe; 4% risk of failure)
Confirm with . or Enter, or press ? or * to list all spells.
Aiming: Shock (safe; 4% risk of failure)
Press: ? - help, Shift-Dir - straight line, f/p - gnoll
Aim: a gnoll, wielding a +0 flail (heavily wounded, 75% to hit)
The zap hits the gnoll.
The gnoll is heavily wounded.
The gnoll hits you with a +0 flail!
You die...

.. .###.# .....#
..... ##
#...####.### #
#..........#
#.##..#......###
#.....@.)....†##
####..g......##
#.......(.#
##....<##...
##...## ## ##.##
# #.# #.# #.#


You could see a gnoll.

Vanquished Creatures
  2 gnolls (D:3)
  2 dart slugs (D:2)
  6 bats
  8 endoplasms
  4 giant cockroaches
  A goblin (D:1)
  3 hobgoblins
  8 jackals
  4 ball pythons (D:1)
  14 frilled lizards
  4 kobolds
  8 rats
64 creatures vanquished.

Notes
Turn   | Place    | Note
-------+----------+-------------------------------------------
     0 | D:1      | PaiMei the Tengu Air Elementalist began the quest for the
                  | Orb.
     0 | D:1      | Reached XP level 1. HP: 10/10 MP: 4/4
   206 | D:1      | Reached XP level 2. HP: 13/15 MP: 1/6
   873 | D:1      | Reached XP level 3. HP: 19/19 MP: 4/7
  2101 | D:2      | Found Yvvuyth's Distillery.
  2390 | D:2      | Reached XP level 4. HP: 24/24 MP: 3/8
  2993 | D:3      | Slain by a gnoll

Illustrated notes

Levels and vault maps discovered:
D:1:      lightli_arrival_isolated_outpost, layout_basic, minmay_lizard_king
D:2:      layout_loops_ring, serial_shops, shop,
          wander_ebering_terrifying_dragon_lair
D:3:      layout_loops_ring, hellmonk_ecumenical_altar_heavens_door,
          serial_shops, nicolae_shop_gibbet_a_chance, shop

Skill      XL: |  1  2  3  4 |
---------------+-------------+-----
Conjurations   | 2 |  2.8
Dodging        | 3 |  3.0
Stealth        | |  2.8
Spellcasting   | |  2.5
Air Magic      | |  4.6

Action                     |  1- 3 |  4- 6 || total
---------------------------+-------+-------++-------
  Melee: Falchion          |    11 |       ||    11
         Kick              |     5 |     1 ||     6
         Peck              |     1 |       ||     1
         Short sword       |    18 |     8 ||    26
   Cast: Shock             |    82 |    17 ||    99
   Stab: Sleeping          |       |     3 ||     3
 Armour: Robe              |    24 |     6 ||    30
  Dodge: Dodged            |    32 |     6 ||    38
